 Dungeon Crawl Stone Soup version 0.30.0-10-gfe55d96785 (webtiles) character file.

Game seed: 5786983851114571793

416 cheesebisquit the Sneak (level 6, -2/51 HPs)
             Began as a Draconian Fire Elementalist on May 14, 2023.
             Killed from afar by an orc wizard (7 damage)
             ... with a puff of flame
             ... on level 4 of the Dungeon.
             The game lasted 00:11:47 (3649 turns).

cheesebisquit the Sneak (DrFE)                      Turns: 3649, Time: 00:11:47

Health: -2/51      AC:  7    Str: 10    XL:     6   Next: 60%
Magic:  7/11       EV: 13    Int: 17    God:
Gold:   285        SH:  0    Dex: 12    Spells: 8/12 levels left

rFire   . . .        p - +2 dagger (drain)
rCold   . . .        (no shield)
rNeg    . . .        (body armour unavailable)
rPois   .            (helmet restricted)
rElec   .            g - +0 cloak
rCorr   .            (no gloves)
SInv    .            (no boots)
Will    .....        (no amulet)
Stlth   ++           (no ring)
HPRegen 0.28/turn    (no ring)
MPRegen 0.12/turn

%: no passive effects
@: slowed, very slow
A: AC +6, unfitting armour, cold-blooded
a: no special abilities


You were on level 4 of the Dungeon.
You visited 1 branch of the dungeon, and saw 4 of its levels.

You collected 285 gold pieces.

Inventory:

Hand Weapons
 n - a +1 short sword of holy wrath
 p - a +2 dagger of draining (weapon)
Missiles
 i - 5 silver javelins
Armour
 g - a +0 cloak (worn)
Magical Staves
 d - a staff of air
Jewellery
 t - a ring of poison resistance
Scrolls
 c - 3 scrolls of identify {unknown}
 e - 4 scrolls of noise {unknown}
 h - 2 scrolls of teleportation {unknown}
 k - a scroll of magic mapping {unknown}
 m - 3 scrolls of fear {unknown}
 q - a scroll of brand weapon {unknown}
 s - a scroll of blinking {unknown}
 v - a scroll of immolation {unknown}
Potions
 a - 5 potions of curing {unknown}
 b - a potion of cancellation {unknown}
 f - 2 potions of magic
 j - 2 potions of might {unknown}
 l - 3 potions of flight {unknown}
 o - a potion of attraction {unknown}
 r - a potion of degeneration {unknown}
 u - a potion of experience {unknown}
 w - 2 potions of invisibility {unknown}


   Skills:
 + Level 3.4 Fighting
 + Level 3.5 Dodging
 + Level 3.7 Stealth
 + Level 3.6 Spellcasting
 - Level 1.0 Conjurations
 - Level 3.0 Fire Magic


You had 8 spell levels left.
You knew the following spells:

 Your Spells              Type           Power      Damage    Failure   Level
a - Foxfire               Conj/Fire      36%        2x1d5     8%          1
b - Inner Flame           Hex/Fire       8%         N/A       26%         3

Your spell library contained the following spells:

 Spells                   Type           Power      Damage    Failure   Level
 Scorch                   Fire           26%        2d6       8%          2
 Volatile Blastmotes      Fire/Tloc      16%        2d11      26%         3
 Frozen Ramparts          Ice            6%         1d1       45%         3
 Flame Wave               Conj/Fire      9%         2d6       58%         4
 Ice Form                 Ice/Tmut       3%         N/A       86%         4
 Summon Ice Beast         Ice/Summ       3%         N/A       86%         4


Dungeon Overview and Level Annotations

Branches:
Dungeon (4/15)
 Temple: D:4-7

Altars:
Elyvilon

Shops:
D:1 [


Innate Abilities, Weirdness & Mutations

Your plain brown scales are hard. (AC +6)
You cannot fit into any form of body armour.
You are cold-blooded and may be slowed by cold attacks.


Message History

The orc priest is almost dead.
The foxfire hits the orc priest.
The orc priest is almost dead.
The endoplasm freezes you.
You are frozen.
You feel as though you will be slow longer.
You conjure some foxfire!
The endoplasm jiggles.
The endoplasm hits you.
You hear some strange, mumbled words.
A magic dart appears from out of thin air!
The magic dart hits you. The orc priest barely misses you.
The orc hits you with a +0 flail! The endoplasm freezes you.
You are frozen.
You feel as though you will be slow longer.
The orc hits you with a +0 flail. The orc priest closely misses you.
Something hits you but does no damage.
You hit the orc priest.
The orc priest is almost dead.
The foxfire hits the orc priest but does no damage.
The orc priest is almost dead.
The endoplasm freezes you.
You are frozen.
Something hits you but does no damage. The orc hits you with a +0 flail.
The orc priest misses you. The endoplasm attacks as you move away!
The endoplasm hits you but does no damage.
The orc priest hits you but does no damage.
The orc closely misses you. Something hits you. The orc barely misses you.
The orc priest calls down the wrath of Beogh upon you.
Pain shoots through your body!
* * * LOW HITPOINT WARNING * * *
The orc priest calls down the wrath of Beogh upon you.
Pain shoots through your body!
* * * LOW HITPOINT WARNING * * *
Something hits you but does no damage. The orc closely misses you.
You hear some strange, mumbled words.
A puff of flame appears from out of thin air!
The puff of flame hits you!
You die...

#..#### ### ##....#
#####.# ######### # #
#.# ###.#.#.#.## ##)
#.####..........###... #
#..#...#.#.#.#.##.######
##.'.......)....#.......
###...#.#.#.#o#........
#........@.{J.....#
#####.#.#.#o#)####...
.............
#.#.#.#.#.#.....
#....#.##.#.......
#.........#..#####
#......##...##K. ......
###.# ##


You could see an orc priest, an orc and an endoplasm.

Vanquished Creatures
  Sigmund (D:2)
  Blork the orc (D:4)
  An iguana (D:4)
  6 adders
  A worm (D:3)
  4 dart slugs
  6 orcs
  4 bats
  12 endoplasms
  5 giant cockroaches
  9 goblins
  7 hobgoblins
  6 jackals (D:1)
  8 kobolds
  6 quokkas
  7 ball pythons
  6 frilled lizards
  5 rats
95 creatures vanquished.

Vanquished Creatures (others)
  273 foxfires
273 creatures vanquished.

Grand Total: 368 creatures vanquished

Notes
Turn   | Place    | Note
-------+----------+-------------------------------------------
     0 | D:1      | cheesebisquit the Draconian Fire Elementalist began the
                  | quest for the Orb.
     0 | D:1      | Reached XP level 1. HP: 14/14 MP: 3/3
    83 | D:1      | Reached XP level 2. HP: 22/22 MP: 0/5
   283 | D:1      | Reached skill level 1 in Fighting
   470 | D:1      | Reached XP level 3. HP: 28/28 MP: 2/6
   518 | D:1      | Learned a level 3 spell: Inner Flame
   533 | D:1      | Found Niakoe's Armour Boutique.
   994 | D:2      | Reached XP level 4. HP: 36/36 MP: 2/7
  1471 | D:2      | Noticed Sigmund
  1486 | D:2      | Killed Sigmund
  1487 | D:2      | Reached XP level 5. HP: 11/44 MP: 1/9
  1883 | D:2      | Reached XP level 6. HP: 48/51 MP: 6/10
  3399 | D:4      | Found a white marble altar of Elyvilon.
  3400 | D:4      | Noticed Blork the orc
  3422 | D:4      | Killed Blork the orc
  3649 | D:4      | Killed from afar by an orc wizard

Illustrated notes

Levels and vault maps discovered:
D:1:      shiori_arrival_elements, layout_basic, serial_shops,
          nicolae_shop_pleasant_corner_grove, amcnicky_mini_rare_corridor_liquid
D:2:      layout_basic, uniq_sigmund
D:3:      minmay_evil_eye, layout_basic, st_stairs_13
D:4:      layout_basic, amcnicky_altar_gilded, chequers_serial_rivers_micro_b,
          st_stairs_9, minmay_puff, uniq_blork_the_orc

Skill      XL: |  1  2  3  4  5 |
---------------+----------------+-----
Dodging        | 2 3 |  3.5
Stealth        | 2 3 |  3.7
Fighting       | 1 2 3 |  3.4
Spellcasting   | 3 |  3.6
Conjurations   | |  1.0
Fire Magic     | |  3.0

Action                     |  1- 3 |  4- 6 || total
---------------------------+-------+-------++-------
  Melee: Tailslap          |     5 |     4 ||     9
         Unarmed           |     1 |       ||     1
         Short sword       |    33 |     9 ||    42
         Dagger            |       |    35 ||    35
   Cast: Foxfire           |    52 |   104 ||   156
    Use: Potion            |     1 |       ||     1
 Armour: Skin              |    32 |    23 ||    55
  Dodge: Dodged            |    53 |    39 ||    92
